Map: Torres Crepusculares

Players

ToP - Winner!

  • Race: Protoss Protoss
  • League: Master

TheZergLord

  • Race: Zerg Zerg
  • League: Master

VOD

Have the link to the VOD?

Description

Time

  • Played on: April 26, 2016, 9:46 a.m.
  • Length: 16:03
Show
View Real Time Build Order
Export as new Build Order

ToP Protoss - Winner!

Build Orders: Nexus First, Oracle Opening 

Get SALT Encoding   

  12  0:01  Probe (Chrono Boost)  
  13  0:12  Probe (Chrono Boost)  
  14  0:18  Pylon  
  14  0:22  Probe (Chrono Boost)  
  15  0:37  Probe (Chrono Boost)  
  16  0:56  Nexus  
  16  1:06  Gateway  
  16  1:09  Probe (Chrono Boost)  
  17  1:17  Assimilator  
  17  1:20  Probe (Chrono Boost)  
  17  1:23  Assimilator  
  18  1:37  Probe (Chrono Boost)  
  19  1:47  Probe (Chrono Boost)  
  20  1:56  Cybernetics Core  
  20  1:58  Probe (Chrono Boost)  
  21  2:07  Pylon  
  22  2:08  Probe (Chrono Boost)  
  22  2:14  Probe (Chrono Boost)  
  23  2:19  Probe (Chrono Boost)  
  24  2:24  Probe (Chrono Boost)  
  24  2:29  Probe (Chrono Boost)  
  26  2:33  Warp Gate (Chrono Boost), Adept (Chrono Boost)  
  26  2:36  Probe  
  28  2:38  Stargate  
  29  2:45  Probe  
  29  2:47  Probe  
  31  2:56  Gateway  
  31  2:57  Probe  
  31  3:02  Gateway  
  31  3:05  Probe  
  33  3:07  Mothership Core  
  35  3:18  Adept  
  37  3:24  Oracle (Chrono Boost)  
  40  3:27  Probe  
  40  3:28  Probe  
  42  3:34  Pylon  
  42  3:40  Probe  
  43  3:50  Probe  
  43  3:53  Probe  
  43  3:54  Oracle (Chrono Boost)  
  45  4:02  Probe  
  49  4:03  Pylon  
  49  4:23  Adept  
  49  4:24  Adept  
  53  4:26  Adept  
  53  4:30  Nexus  
  55  4:31  Pylon  
  55  4:32  Pylon  
  55  4:46  Twilight Council  
  55  4:49  Probe x2  
  55  4:51  Forge  
  55  4:52  Assimilator  
  57  4:56  Phoenix, Pylon  
  59  5:00  Adept x2  
  59  5:01  Probe  
  59  5:03  Probe  
  65  5:13  Probe  
  60  5:29  Probe x2  
  60  5:37  Blink (Chrono Boost), Adept x3  
  60  5:41  Probe x2, Protoss Ground Weapons Level 1 (Chrono Boost)  
  66  5:46  Probe  
  66  5:48  Assimilator  
  67  5:53  Probe x2  
  67  5:57  Probe  
  69  5:59  Adept x3  
  76  6:05  Probe x2  
  76  6:07  Probe  
  79  6:17  Probe  
  80  6:24  Robotics Facility  
  80  6:26  Gateway  
  80  6:28  Probe, Gateway  
  80  6:29  Stalker x3  
  80  6:30  Probe x2, Gateway  
  89  6:37  Pylon  
  89  6:39  Probe  
  89  6:42  Probe x2, Pylon  
  92  6:54  Probe x2, Assimilator  
  92  7:00  Gateway  
  94  7:03  Gateway  
  94  7:05  Pylon  
  94  7:09  Stalker x3  
  94  7:12  Resonating Glaives  
  94  7:13  Probe  
  94  7:14  Warp Prism (Chrono Boost)  
  103  7:28  Stalker x3  
  109  7:51  Stalker x4  
  113  7:52  Stalker  
  119  8:02  Protoss Ground Weapons Level 2  
  119  8:03  Nexus  
  119  8:04  Immortal (Chrono Boost), Pylon  
  119  8:05  Templar Archives, Pylon  
  123  8:07  Probe x2  
  125  8:20  Probe  
  113  8:35  Stalker x6  
  113  8:36  Stalker  
  113  8:38  Immortal (Chrono Boost)  
  125  8:48  Adept  
  96  8:58  Adept  
  96  8:59  Adept x5  
  94  9:06  Stalker  
  94  9:13  Immortal (Chrono Boost)  
  98  9:22  Psionic Storm  
  98  9:26  Probe  
  98  9:27  Probe x2  
  98  9:28  Probe, Stalker x2  
  98  9:29  Stalker x4  
  114  9:32  Assimilator  
  114  9:36  Probe  
  115  9:40  Zealot  
  115  9:41  Zealot  
  119  9:47  Observer  
  119  9:49  Charge  
  119  9:50  Mothership Core  
  120  9:55  Probe  
  120  9:56  Pylon  
  123  10:07  Adept x3  
  123  10:10  Adept x2  
  123  10:11  Adept x3  
  91  10:37  Adept x2  
  91  10:38  Adept x4  
  101  10:48  Immortal  
  105  10:50  Probe x2  
  105  10:53  Pylon  
  105  10:54  Pylon  
  107  11:02  Adept, Robotics Facility  
  107  11:03  Adept  
  111  11:04  Adept x3  
  111  11:05  Adept x2  
  111  11:09  Gateway  
  121  11:11  Gateway  
  121  11:12  Probe x2  
  121  11:16  Assimilator  
  121  11:17  Zealot  
  125  11:20  Dark Shrine  
  125  11:21  Protoss Ground Armor Level 1  
  125  11:24  Probe  
  125  11:25  Probe  
  127  11:28  Immortal  
  127  11:31  Probe x2  
  133  11:42  Zealot x2  
  125  11:56  Zealot x4  
  119  12:06  Zealot x4  
  119  12:07  Immortal  
  119  12:08  Immortal  
  113  12:19  Pylon  
  113  12:22  High Templar  
  115  12:23  High Templar x2  
  115  12:25  High Templar  
  121  12:35  Probe x2  
  121  12:36  Stalker  
  125  12:37  Stalker x4  
  125  12:38  Stalker  
  135  12:46  Warp Prism  
  135  12:50  Pylon  
  135  12:51  Immortal  
  141  12:55  Pylon  
  141  13:04  High Templar x2  
  141  13:05  High Templar x2  
  147  13:06  Adept x3  
  147  13:08  Probe x2  
  147  13:10  Archon x2  
  157  13:18  Dark Templar x3  
  163  13:22  Immortal  
  167  13:45  Stalker x2  
  171  13:50  Probe  
  171  13:51  Pylon  
  171  13:52  Assimilator  
  171  13:53  Probe, Pylon  
  172  14:08  Probe, Observer  
  172  14:09  Pylon  
  131  14:19  Zealot x2  
  131  14:20  Zealot x5  
  131  14:25  Zealot x3  
  131  14:28  Immortal  
  131  14:29  Warp Prism  
  139  14:34  Stargate  
  139  14:35  Stargate  
  139  14:48  Stalker x2  
  139  14:49  Stalker x4  
  139  14:50  Stalker  
  153  14:55  Pylon  
  153  15:20  Zealot x2  
  153  15:21  Zealot x4  
  161  15:27  Fleet Beacon  
  164  15:30  High Templar x2  
  184  15:36  Dark Templar  
  184  15:42  Zealot x3  
  182  15:52  Archon  
  182  15:53  Zealot x3  
  162  16:02  Zealot x4  
Show
View Real Time Build Order
Export as new Build Order

TheZergLord Zerg 

Build Orders: Hatch First 

Get SALT Encoding   

  12  0:01  Drone  
  13  0:14  Overlord  
  13  0:18  Drone  
  14  0:33  Drone x2  
  16  0:37  Drone  
  17  0:53  Hatchery  
  17  0:55  Drone  
  17  0:58  Drone  
  18  1:09  Extractor  
  17  1:13  Spawning Pool  
  17  1:16  Drone  
  17  1:19  Drone  
  18  1:29  Drone  
  19  1:40  Drone  
  20  1:48  Hatchery  
  19  2:00  Queen  
  21  2:02  Zergling x2  
  21  2:07  Drone  
  23  2:11  Metabolic Boost  
  23  2:14  Drone  
  24  2:18  Drone  
  25  2:24  Overlord  
  25  2:29  Drone  
  26  2:32  Drone  
  26  2:34  Drone  
  28  2:43  Queen  
  30  2:48  Pneumatized Carapace  
  30  2:51  Drone  
  31  2:57  Drone  
  31  2:58  Drone x2  
  34  3:02  Drone x2  
  36  3:10  Queen  
  38  3:14  Overlord  
  38  3:21  Drone x2  
  38  3:22  Drone  
  38  3:25  Drone  
  42  3:33  Drone  
  42  3:34  Drone x3  
  46  3:35  Overlord  
  46  3:39  Drone x3  
  49  3:48  Spore Crawler  
  48  3:49  Spore Crawler  
  48  3:51  Drone, Spore Crawler  
  48  3:52  Overlord  
  48  3:54  Drone  
  48  3:59  Drone x3  
  51  4:06  Drone x3  
  51  4:08  Overlord  
  54  4:13  Baneling Nest  
  54  4:14  Drone  
  54  4:15  Drone x2  
  56  4:18  Queen  
  56  4:21  Drone x2  
  60  4:25  Drone  
  60  4:27  Drone  
  60  4:28  Drone x3  
  65  4:34  Overlord  
  65  4:42  Zergling x4  
  65  4:43  Zergling x10  
  72  4:49  Overlord  
  72  4:51  Zergling x2  
  73  4:55  Zergling x2, Extractor  
  73  4:56  Extractor  
  72  5:00  Baneling x2  
  72  5:01  Baneling  
  72  5:02  Baneling x9  
  72  5:03  Zergling x2  
  72  5:04  Zergling x8  
  72  5:06  Queen  
  81  5:14  Zergling x4  
  81  5:15  Zergling x12  
  77  5:39  Lair  
  75  5:47  Drone x11  
  86  5:50  Drone  
  87  5:58  Extractor  
  87  5:59  Extractor  
  87  6:03  Extractor  
  84  6:07  Overlord x3  
  84  6:08  Overlord  
  84  6:11  Hatchery  
  79  6:21  Drone  
  79  6:22  Overlord, Drone  
  79  6:23  Overlord x4  
  81  6:27  Evolution Chamber  
  80  6:33  Drone x5  
  80  6:34  Drone  
  80  6:35  Drone  
  80  6:36  Drone  
  88  6:40  Hydralisk Den  
  87  6:52  Centrifical Hooks  
  87  6:56  Zerg Missile Weapons Level 1  
  87  7:10  Hydralisk, Muscular Augments  
  87  7:11  Hydralisk x9  
  87  7:12  Hydralisk  
  87  7:14  Zergling x2  
  110  7:21  Hydralisk x2  
  110  7:22  Hydralisk  
  114  7:29  Hydralisk x2  
  118  7:31  Zergling x12  
  118  7:32  Zergling x2  
  127  7:47  Drone x4  
  127  7:48  Drone x4  
  135  7:52  Overseer  
  135  7:54  Overseer  
  135  7:56  Overlord  
  135  7:57  Hydralisk x2  
  135  7:58  Hydralisk x5  
  148  8:17  Baneling  
  148  8:18  Baneling x13  
  146  8:21  Hydralisk  
  146  8:22  Zergling x6  
  146  8:23  Zergling x2  
  146  8:26  Overlord x2  
  133  8:46  Hydralisk x8  
  133  8:48  Zergling x20  
  116  9:04  Hydralisk x4  
  116  9:05  Hydralisk x2  
  116  9:06  Zergling x4  
  122  9:11  Baneling  
  122  9:12  Baneling x4  
  122  9:13  Zergling x2  
  122  9:14  Zergling x4  
  119  9:19  Zergling x2  
  119  9:20  Baneling  
  119  9:21  Baneling x5  
  119  9:22  Zergling x2  
  119  9:23  Zergling x2  
  122  9:35  Hydralisk x3  
  122  9:37  Hatchery  
  127  9:38  Baneling  
  127  9:39  Baneling x5  
  127  9:40  Zergling x6  
  127  9:41  Hatchery, Zergling x2  
  130  9:55  Hydralisk  
  130  9:56  Hydralisk x4  
  130  9:57  Zergling x2, Hydralisk  
  130  9:58  Zergling x4  
  125  10:22  Hydralisk  
  125  10:23  Hydralisk x7  
  129  10:34  Hydralisk x3  
  118  10:43  Zerg Missile Weapons Level 2  
  118  10:45  Zergling x8  
  118  10:46  Zergling x2  
  119  10:54  Queen  
  119  10:56  Queen, Extractor  
  122  10:58  Extractor  
  122  11:04  Drone x5  
  122  11:05  Drone x5  
  122  11:10  Hydralisk  
  122  11:11  Hydralisk  
  133  11:13  Baneling x11  
  133  11:14  Hydralisk x2  
  133  11:15  Hydralisk x2  
  133  11:16  Zergling x2  
  133  11:17  Zergling x8  
  148  11:30  Overlord  
  148  11:31  Overlord  
  148  11:34  Hydralisk x6  
  136  12:13  Hydralisk x6  
  136  12:14  Hydralisk x12  
  162  12:20  Zergling x14  
  162  12:21  Zergling x12  
  175  12:36  Extractor  
  174  12:37  Extractor, Hydralisk x3  
  174  12:38  Hydralisk  
  174  12:41  Baneling  
  174  12:42  Baneling x14  
  174  12:43  Baneling  
  181  12:44  Overlord x2  
  181  12:45  Hatchery, Overlord  
  180  12:52  Baneling  
  180  12:53  Baneling x5  
  180  12:54  Baneling  
  180  13:14  Spire, Zerg Ground Armor Level 1  
  180  13:15  Hydralisk x2  
  180  13:16  Hydralisk  
  180  13:17  Zergling x22  
  180  13:18  Zergling x2  
  197  13:32  Overseer x3  
  196  13:40  Hydralisk x2  
  199  13:43  Baneling  
  199  13:44  Baneling x20  
  136  14:20  Hydralisk x15  
  136  14:21  Hydralisk x3  
  128  14:36  Zergling x2  
  128  14:37  Zergling x18  
  132  14:51  Zergling x20  
  141  14:57  Baneling x4  
  141  14:58  Baneling x4  
  141  15:00  Baneling x5  
  141  15:01  Baneling  
  141  15:06  Baneling  
  141  15:07  Baneling x4  
  135  15:33  Hatchery  
  135  15:35  Hydralisk x3  
Tags
 
Add a new tag
Caveats
  • Supply blocks, unpowered buildings, or Contaminate may cause inaccurate times.
  • Supply counts are checked every 10 seconds.